Map: World of Sleepers LE

Players

MAXSIMUS - Winner!

  • Race: Protoss Protoss
  • League: Master
  • Spawn Location: 1:00

Mez

  • Race: Terran Terran
  • League: Master
  • Spawn Location: 7:00

VOD

Have the link to the VOD?

Description

Time

  • Played on: Aug. 23, 2019, 1:39 p.m.
  • Length: 17:13
Show
View Real Time Build Order
Export as new Build Order

MAXSIMUS Protoss - Winner!

Build Orders:  

Get SALT Encoding   

  1  0:00  Probe  
  12  0:05  Probe  
  14  0:17  Pylon  
  14  0:21  Probe  
  15  0:35  Probe  
  16  0:38  Gateway  
  16  0:43  Assimilator  
  16  0:47  Probe  
  17  0:56  Pylon  
  17  0:59  Probe  
  18  1:11  Probe  
  18  1:15  Gateway  
  19  1:24  Probe  
  20  1:27  Cybernetics Core  
  20  1:30  Assimilator  
  20  1:36  Probe  
  21  1:49  Probe  
  21  1:51  Pylon  
  21  1:53  Stalker  
  22  1:54  Stalker  
  26  2:20  Probe  
  27  2:22  Stalker  
  27  2:23  Stalker  
  27  2:27  Warp Gate  
  31  2:32  Probe  
  32  2:45  Probe  
  32  2:46  Pylon  
  33  2:52  Stalker  
  35  3:11  Probe  
  36  3:13  Stalker  
  38  3:22  Stalker  
  38  3:23  Probe  
  41  3:36  Probe  
  42  3:46  Nexus  
  42  3:49  Probe  
  43  4:02  Probe  
  44  4:14  Probe  
  44  4:17  Stalker x2  
  45  4:26  Probe  
  44  4:38  Probe  
  43  4:48  Robotics Facility  
  43  4:49  Gateway  
  43  4:50  Probe, Stalker  
  46  4:53  Pylon  
  46  5:00  Probe  
  46  5:01  Assimilator  
  46  5:02  Probe  
  46  5:04  Twilight Council  
  48  5:09  Probe  
  48  5:10  Probe  
  49  5:17  Probe  
  49  5:18  Probe  
  49  5:19  Assimilator  
  50  5:23  Pylon  
  50  5:26  Probe  
  50  5:28  Gateway, Probe  
  52  5:32  Immortal  
  54  5:38  Probe  
  54  5:41  Probe  
  60  5:47  Robotics Bay  
  60  5:49  Charge  
  60  5:50  Probe  
  60  5:53  Probe  
  62  5:58  Pylon  
  62  6:02  Pylon  
  62  6:03  Probe  
  63  6:05  Observer  
  63  6:14  Immortal  
  64  6:23  Adept x2  
  68  6:27  Probe x2  
  74  6:42  Probe  
  74  6:43  Probe  
  76  6:52  Observer  
  77  7:01  Probe x2  
  75  7:03  Colossus  
  75  7:05  Adept x2  
  75  7:06  Nexus  
  75  7:07  Pylon  
  75  7:08  Zealot x2  
  83  7:12  Extended Thermal Lance  
  89  7:25  Probe x2  
  89  7:29  Gateway  
  91  7:34  Forge  
  91  7:36  Forge  
  91  7:46  Probe x2  
  91  7:48  Zealot x3  
  99  7:56  Protoss Ground Armor Level 1, Protoss Ground Weapons Level 1  
  99  7:58  Probe  
  99  7:59  Probe  
  101  8:07  Colossus  
  101  8:10  Probe  
  102  8:15  Pylon  
  102  8:17  Gateway, Probe, Pylon  
  109  8:30  Zealot x4  
  117  8:43  Pylon  
  117  8:46  Pylon  
  117  8:47  Stargate  
  117  9:00  Zealot x5  
  123  9:07  Probe x2  
  123  9:09  Assimilator  
  125  9:13  Assimilator  
  125  9:14  Pylon  
  125  9:17  Pylon  
  125  9:20  Colossus  
  125  9:21  Gateway  
  125  9:24  Gateway  
  131  9:38  Zealot x4  
  131  9:39  Zealot x2  
  131  9:44  Phoenix  
  145  9:45  Protoss Ground Armor Level 2  
  145  9:47  Robotics Facility  
  145  9:49  Stargate  
  145  9:50  Fleet Beacon  
  145  9:53  Protoss Ground Weapons Level 2  
  145  9:56  Templar Archives  
  145  10:01  Pylon  
  145  10:08  Adept  
  145  10:09  Phoenix, Adept  
  145  10:13  Nexus  
  151  10:17  Pylon  
  151  10:22  Protoss Air Weapons Level 1  
  151  10:39  Observer  
  151  10:43  Observer  
  151  10:44  Phoenix  
  151  10:48  High Templar  
  151  10:49  High Templar x3  
  162  10:53  High Templar x2  
  162  10:55  Archon x2  
  166  10:57  Archon  
  166  11:00  Zealot x2  
  170  11:06  Probe x3  
  170  11:10  Tempest  
  178  11:24  Tempest  
  183  11:26  Pylon  
  183  11:36  Stalker x3  
  189  11:41  Stalker  
  191  11:53  Tempest  
  196  11:57  Photon Cannon  
  196  12:07  Probe  
  196  12:08  Protoss Ground Weapons Level 3, Probe x2  
  199  12:09  Unknown, Probe  
  200  12:19  Protoss Ground Armor Level 3  
  198  12:41  Zealot  
  200  12:48  Protoss Air Weapons Level 2  
  182  13:16  Carrier  
  180  13:38  Pylon  
  180  13:46  Nexus  
  180  13:56  Carrier  
  180  14:01  Observer  
  177  14:19  Immortal, Carrier  
  177  14:23  Unknown  
  187  14:24  Photon Cannon  
  187  14:25  Pylon  
  187  14:50  Photon Cannon  
  187  14:51  Probe x3  
  187  14:52  Photon Cannon  
  190  14:53  Photon Cannon  
  190  14:55  Shield Battery  
  190  14:56  Shield Battery  
  190  15:00  Carrier  
  190  15:03  Probe x3  
  199  15:08  Photon Cannon  
  199  15:10  Photon Cannon  
  199  15:11  Shield Battery  
  199  15:17  Photon Cannon, Shield Battery  
  199  15:21  Nexus  
  199  15:23  Gateway  
  199  15:24  Pylon  
  199  15:26  Gateway, Pylon  
  199  15:27  Gateway  
  199  15:29  Pylon  
  199  15:30  Photon Cannon, Unknown  
  199  15:31  Photon Cannon  
  199  15:33  Photon Cannon  
  199  15:35  Gateway  
  199  15:36  Photon Cannon  
  199  15:40  Photon Cannon x2  
  173  15:50  High Templar x5  
  173  15:51  High Templar x3  
  173  15:55  Archon x3  
  173  15:57  Archon  
  189  15:59  Carrier  
  195  16:06  Tempest  
  200  16:14  Photon Cannon  
  200  16:17  Photon Cannon  
  200  16:19  Photon Cannon  
  200  16:22  Gateway  
  200  16:25  Gateway  
  200  16:28  Gateway  
  153  17:01  Zealot x5  
  157  17:02  Zealot x5  
  157  17:03  Zealot x2  
Show
View Real Time Build Order
Export as new Build Order

Mez Terran 

Build Orders: Reaper Expand 

Get SALT Encoding   

  12  0:00  SCV  
  13  0:12  SCV  
  14  0:17  Supply Depot  
  14  0:25  SCV  
  15  0:38  SCV  
  15  0:40  Barracks  
  16  0:47  Refinery  
  16  0:51  SCV  
  17  1:03  SCV  
  18  1:15  SCV  
  19  1:28  Orbital Command  
  19  1:31  Reaper  
  20  1:42  Command Center  
  20  1:52  Bunker  
  20  1:54  SCV  
  20  1:59  Supply Depot  
  21  2:02  Marine  
  21  2:06  SCV  
  23  2:21  SCV  
  23  2:22  Barracks Reactor  
  24  2:36  Command Center  
  24  2:40  Factory  
  23  2:44  SCV  
  24  2:56  Refinery, SCV  
  25  3:02  Marine x2  
  26  3:12  SCV  
  25  3:31  Marine  
  25  3:33  Marine  
  24  3:36  Widow Mine  
  26  3:45  SCV  
  26  3:52  Marine x2  
  26  4:10  Marine x2  
  26  4:21  Factory Tech Lab  
  26  4:22  SCV  
  26  4:28  Marine  
  22  4:34  Marine  
  18  4:59  Siege Tank  
  21  5:08  SCV x2  
  21  5:13  SCV  
  24  5:20  SCV  
  25  5:22  Marine x2  
  27  5:28  SCV x2  
  29  5:41  SCV  
  30  5:42  Orbital Command  
  30  5:45  Marine x2  
  32  5:53  Siege Tank  
  35  5:57  SCV  
  36  6:06  Orbital Command  
  36  6:10  SCV  
  37  6:12  SCV  
  37  6:17  Marine  
  39  6:19  Marine  
  39  6:23  SCV  
  39  6:24  SCV  
  42  6:31  Siege Tank  
  45  6:34  Orbital Command  
  45  6:53  SCV x2  
  44  7:02  SCV  
  44  7:05  SCV x2  
  44  7:06  Siege Tank  
  50  7:09  Marine x2  
  50  7:14  SCV  
  53  7:35  Supply Depot  
  53  7:36  Supply Depot x2  
  53  7:47  Barracks  
  53  7:48  Barracks  
  53  7:56  SCV x3, Marine x2  
  58  7:59  Supply Depot  
  58  8:01  Supply Depot  
  58  8:08  SCV x3  
  58  8:09  Siege Tank  
  64  8:20  SCV x3  
  64  8:22  Engineering Bay  
  64  8:23  Engineering Bay, Marine x2  
  69  8:30  Refinery  
  69  8:32  Refinery, SCV  
  69  8:33  SCV x2  
  72  8:34  Supply Depot  
  72  8:37  Supply Depot  
  72  8:45  Barracks Tech Lab x2, SCV x2  
  72  8:47  Siege Tank  
  77  8:57  Marine x2  
  77  8:59  Orbital Command  
  79  9:06  Supply Depot  
  79  9:08  Missile Turret  
  79  9:15  Marauder x2, Stimpack  
  79  9:16  Combat Shield  
  83  9:17  Terran Infantry Armor Level 1, Terran Infantry Weapons Level 1  
  83  9:20  Siege Tank  
  83  9:23  Starport  
  86  9:36  Marine x2  
  88  9:48  Marauder x2  
  92  9:55  Barracks  
  92  9:57  Barracks, Marine x2  
  94  10:02  Starport Reactor  
  94  10:05  Orbital Command  
  94  10:09  Armory  
  94  10:20  Marauder, Marine  
  94  10:21  Marauder  
  99  10:31  Marine  
  99  10:34  SCV x2  
  102  10:38  Marine  
  102  10:42  Marauder, SCV  
  106  10:46  SCV x2  
  106  10:49  Barracks Tech Lab, Barracks Reactor  
  108  10:51  Medivac  
  108  10:52  Medivac  
  108  10:55  SCV  
  113  10:59  Refinery  
  113  11:00  Terran Ship Weapons Level 1  
  117  11:18  Marauder x2  
  117  11:26  Supply Depot x2  
  117  11:27  Supply Depot  
  117  11:29  Concussive Shells  
  117  11:40  SCV  
  117  11:41  SCV  
  117  11:46  Starport  
  117  11:47  Marine x3  
  117  11:48  Terran Infantry Armor Level 2, Terran Infantry Weapons Level 2, SCV, Marauder x3, Medivac x2, Marine  
  117  11:52  SCV  
  131  11:55  Supply Depot  
  131  11:58  Supply Depot  
  131  12:09  Starport, Command Center, SCV x3  
  131  12:10  Refinery  
  131  12:15  Supply Depot  
  134  12:21  SCV x3  
  137  12:35  Siege Tank  
  140  12:37  Marauder, Marine x3  
  140  12:38  Marauder x2, Marine  
  140  12:44  Ghost Academy  
  150  12:47  Viking  
  151  12:55  Marine x4  
  153  12:58  Marine  
  153  13:03  Marine x2  
  154  13:06  Viking  
  154  13:09  Viking  
  158  13:14  Marine  
  156  13:23  Viking x2  
  140  13:36  Viking  
  140  13:39  Viking  
  140  13:40  Command Center  
  140  13:50  Enhanced Shockwaves  
  140  13:53  Viking x2  
  143  14:05  Supply Depot  
  143  14:07  Supply Depot  
  143  14:23  Ghost x3  
  147  14:24  Marine x3  
  150  14:39  Barracks  
  150  14:40  Barracks x2  
  150  14:42  SCV x3  
  153  14:54  Starport Tech Lab, Starport Reactor  
  153  14:58  Fusion Core  
  153  15:01  Supply Depot  
  153  15:10  Ghost x2  
  153  15:11  Ghost, Marine  
  150  15:47  Planetary Fortress  
  150  15:48  SCV x2  
  152  16:00  Command Center  
  152  16:03  Barracks Tech Lab  
  152  16:04  Barracks Tech Lab x2, Unknown  
  152  16:12  Sensor Tower  
  152  16:14  Missile Turret  
  152  16:16  Missile Turret x2  
Tags
 
Add a new tag
Caveats
  • Supply blocks, unpowered buildings, or Contaminate may cause inaccurate times.
  • Supply counts are checked every 10 seconds.